 Dungeon Crawl Stone Soup version 0.31.0-11-ge490571c62 (webtiles) character file.

Game seed: 16331823350448937705

103 booth the Chopper (level 4, -3/34 HPs)
             Began as a Demonspawn Gladiator on Jan 27, 2024.
             Collided with a rock wall (5 damage)
             ... after being knocked back by a wind drake
             ... created by the adversity of Qazlal
             ... on level 3 of the Dungeon.
             The game lasted 00:15:14 (2078 turns).

booth the Chopper (Demonspawn Gladiator)            Turns: 2078, Time: 00:15:15

Health: -3/34      AC: 16    Str: 14    XL:     4   Next: 51%
Magic:  4/4        EV: 11    Int: 11    God:
Gold:   128        SH:  0    Dex: 14    Spells: 3/3 levels left

rFire   . . .        a - +0 war axe
rCold   . . .        (no shield)
rNeg    . . .        v - +0 ring mail
rPois   +            c - +1 helmet
rElec   .            (no cloak)
rCorr   .            g - +2 pair of gloves {Stlth+}
SInv    .            (no boots)
Will    .....        (no amulet)
Stlth   ++           p - ring of poison resistance
HPRegen 0.25/turn    (no ring)
MPRegen 0.09/turn

%: no passive effects
@: sanguine armoured
A: claws 2, sanguine armour 1
a: no special abilities


You were on level 3 of the Dungeon.
You visited 1 branch of the dungeon, and saw 3 of its levels.

You collected 212 gold pieces.
You spent 84 gold pieces at shops.

Inventory:

Hand Weapons
 a - a +0 war axe (weapon)
 f - a +0 mace
 k - a +0 mace
 s - the +7 Spriggan's Knife {stab, EV+4 Stlth+}
   (You found it on level 3 of the Dungeon)

   Stab:      It is more effective when stabbing unaware enemies, sometimes
   treating them as though they were completely helpless.
   EV+4:      It affects your evasion (+4).
   Stlth+:    It makes you more stealthy.
Missiles
 d - 2 throwing nets (quivered)
 e - a javelin
 o - 5 boomerangs
Armour
 c - a +1 helmet (worn)
 g - a +2 pair of gloves of stealth (worn)
 n - a +0 scale mail
 v - a +0 ring mail (worn)
Jewellery
 p - a ring of poison resistance (left hand)
Scrolls
 m - a scroll of fog
 q - a scroll of immolation
 r - a scroll of fear {unknown}
 u - a scroll of identify {unknown}
Potions
 h - a potion of curing
 j - a potion of mutation {unknown}
 l - a potion of haste
 t - a potion of cancellation {unknown}


   Skills:
 + Level 2.9 Fighting
 * Level 3.8 Axes
 + Level 2.6 Throwing
 - Level 2.8 Dodging
 + Level 0.7 Invocations


You had 3 spell levels left.
You didn't know any spells.
Your spell library contained the following spells:

 Spells                   Type           Power      Damage    Failure   Level
 Tukima's Dance           Hex            0%         N/A       91%         3
 Passage of Golubria      Tloc           0%         N/A       100%        4
 Yara's Violent Unravell  Hex/Alch       0%         3d3       100%        5


Dungeon Overview and Level Annotations

Branches:
Dungeon (3/15)

Altars:
Qazlal

Shops:
D:2 *


Innate Abilities, Weirdness & Mutations

You have very sharp fingernails.
When seriously injured, your blood forms armour. (AC +6)


Message History

The wind drake flaps its wings at you. The air twists around and strikes you.
Your blood armour dries and flakes away.
The wind drake bites you.
Your blood congeals into armour.
You hit the wind drake.
The wind drake is lightly wounded.
You hit the boulder beetle but do no damage.
You feel less confused.
The wind drake bites you but does no damage.
The boulder beetle barely misses you.
The boulder beetle stops rolling and uncurls.
The wind drake bites you but does no damage.
You slash the wind drake!
The wind drake is moderately wounded.
You hit the boulder beetle. The boulder beetle bites you!
The wind drake exhales a fierce blast of wind!
You are knocked back by the gust of wind.
You slam into the rock wall!
* * * LOW HITPOINT WARNING * * *
The boulder beetle is knocked back by the gust of wind.
You feel better.
You closely miss the wind drake.
The wind drake is moderately wounded.
The wind drake barely misses you.
The boulder beetle leaps!
The wind drake barely misses you.
You hit the wind drake but do no damage.
The wind drake is lightly wounded.
The wind drake flaps its wings at you. The air twists around and strikes you!
* * * LOW HITPOINT WARNING * * *
The boulder beetle curls into a ball and begins rolling!
The wind drake flaps its wings at you. The air twists around and strikes you.
* * * LOW HITPOINT WARNING * * *
You miss the wind drake.
The wind drake is lightly wounded.
The wind drake exhales a fierce blast of wind!
You are knocked back by the gust of wind.
You slam into the rock wall!
You die...

#.# ##'## ...#.# ##.## ##...##
#.##.# #.#.## ##.....## ###
#.##.# ##.#.### ##.......##
##.###.##.#
.......###.........####...##.##.#
.#.......+.....)B..'.........†...
.#.....###.........####...##.##..
.......# ##.......## ##.....####
>#..##.# ##...k@## #.#####
.##.##.# ##...## #.# .##.##.#
##+## #.# >......# ## #.. #.#
.......###E# #.J# #.# ###.#####.#
#..# #.####k## .EJ. #.##....#
.°.. #.##.###.# .°.##


You could see a boulder beetle (rolling) and a wind drake (repels missiles,
catching breath).

Vanquished Creatures
  Jessica (D:2)
  Terence (D:2)
  2 dart slugs
  2 ribbon worms
  3 endoplasms
  A giant cockroach (D:1)
  4 goblins
  7 hobgoblins
  2 kobolds
  5 quokkas
  A ball python (D:2)
  6 bats
  2 frilled lizards (D:1)
  4 rats
41 creatures vanquished.

Vanquished Creatures (others)
  An endoplasm (D:3)
1 creature vanquished.

Grand Total: 42 creatures vanquished

Notes
Turn   | Place    | Note
-------+----------+-------------------------------------------
     0 | D:1      | booth the Demonspawn Gladiator began the quest for the Orb.
     0 | D:1      | Reached XP level 1. HP: 16/16 MP: 1/1
   262 | D:1      | Gained mutation: You have sharp fingernails. [demonic
                  | ancestry]
   262 | D:1      | Reached XP level 2. HP: 22/22 MP: 2/2
   310 | D:1      | You fall into a shaft and drop 1 floor!
   328 | D:2      | Found Hosapt's Assorted Antiques.
   374 | D:2      | Noticed Jessica
   389 | D:2      | Killed Jessica
   390 | D:2      | Reached skill level 3 in Axes
   390 | D:2      | Gained mutation: When seriously injured, your blood forms
                  | armour. (AC +6) [demonic ancestry]
   390 | D:2      | Reached XP level 3. HP: 10/28 MP: 3/3
   581 | D:2      | Bought an orange potion for 27 gold pieces
   581 | D:2      | Bought a scroll labelled FELAAL YREPUF for 30 gold pieces
   581 | D:2      | Bought a lumpy amethyst potion for 27 gold pieces
  1148 | D:2      | Noticed Terence
  1159 | D:2      | Found a faded altar of an unknown god.
  1165 | D:2      | Killed Terence
  1166 | D:2      | Gained mutation: You have very sharp fingernails. [demonic
                  | ancestry]
  1166 | D:2      | Reached XP level 4. HP: 29/34 MP: 4/4
  1173 | D:2      | Identified the +1 robe "Ememm" {rElec Int+3}
  1189 | D:2      | Prayed at the altar of an unknown god.
  1189 | D:2      | Became a worshipper of Qazlal Stormbringer
  1189 | D:2      | Reached * piety under Qazlal
  1630 | D:3      | Found the +7 Spriggan's Knife {stab, EV+4 Stlth+}
  1641 | D:3      | Fell from the grace of Qazlal
  1945 | D:3      | Noticed a fire elemental
  1945 | D:3      | Noticed a rime drake
  2068 | D:3      | Noticed a wind drake
  2068 | D:3      | Noticed a boulder beetle
  2077 | D:3      | HP: 1/34 [wind drake/the air[the adversity of Qazlal] (1)]
  2078 | D:3      | Collided with a rock wall

Illustrated notes

Levels and vault maps discovered:
D:1:      dpeg_arrival_rhombus, layout_loops_cross
D:2:      minmay_evil_eye, layout_loops_cross, serial_shops,
          nicolae_shop_just_a_little_nook, hellmonk_ecumenical_altar_blasted,
          uniq_jessica, uniq_terence
D:3:      layout_loops_corners, serial_shops, nicolae_shop_back_alley_shop

Skill      XL: |  1  2 |
---------------+-------+-----
Throwing       | 2 |  2.6
Axes           | 3 |  3.8
Fighting       | |  2.9
Dodging        | |  2.8
Invocations    | |  0.7

Action                     |  1- 3 |  4- 6 || total
---------------------------+-------+-------++-------
  Melee: War axe           |    58 |    56 ||   114
         Punch             |     2 |     1 ||     3
  Throw: Javelin           |     1 |       ||     1
         Throwing net      |     1 |       ||     1
 Invoke: Renounce Religion |       |     1 ||     1
    Use: Scroll            |     4 |     2 ||     6
         Potion            |     1 |     4 ||     5
   Stab: Sleeping          |       |     1 ||     1
 Armour: Leather armour    |    34 |    23 ||    57
         Ring mail         |       |    29 ||    29
  Dodge: Dodged            |    29 |    31 ||    60
  Block: Other             |       |     1 ||     1
